[ AOE2 MATCH · #507194064 ]
UnrankedGeorgians vs Celts
Player's team · LOSS
Rival team · WIN
[ REPLAY ANALYSIS · EXTRACTED FROM THE RECORDED GAME ]
Feudal
9:42
Castle
21:05
Imperial
32:38
| APM avg | 47.6 |
| APM peak | 80 |
| eAPM avg | 22.3 |
| Villagers / military | 151 / 74 |
Focus
⚔️ 36.2% · 🌾 63.8%
Archer ×41 · Fishing Ship ×20 · Monaspa ×17 · Mangonel ×6 · Scout Cavalry ×4 · Monk ×3
Feudal
10:32
Castle
21:40
Imperial
48:14
| APM avg | 48.2 |
| APM peak | 106 |
| eAPM avg | 28.4 |
| Villagers / military | 73 / 137 |
Focus
⚔️ 46.6% · 🌾 53.4%
Woad Raider ×79 · Spearman ×27 · Battering Ram ×18 · Fishing Ship ×7 · Scorpion ×6 · Militia ×5
Match map
Initial resources + every placement click. Lines = walls · curves = elevation contours. ◆ gold · ⬟ stone · ● berries · ✦ relic · ◌ wall gap
Your base· Open — 10t gap
TecuTecu's base· Open — unwalled flank
Smoothed initial terrain · ◌ = detected wall gap · hover for details
Inputs per minute
— NachoMontes - - TecuTecu
Build order — NachoMontes
First 150 of 355 actions detected
| 0:00 | Create | Villager (Male) |
| 0:00 | Create | Villager (Male) |
| 0:02 | Build | House |
| 0:03 | Build | House |
| 0:07 | Create | Villager (Male) |
| 0:11 | Create | Villager (Male) |
| 1:24 | Create | Villager (Male) |
| 2:01 | Create | Villager (Male) |
| 2:28 | Create | Villager (Male) |
| 2:29 | Build | Dock |
| 2:53 | Create | Villager (Male) |
| 3:14 | Create | Villager (Male) |
| 3:22 | Create | Fishing Ship |
| 3:38 | Create | Villager (Male) |
| 3:44 | Build | House |
| 4:06 | Create | Villager (Male) |
| 4:36 | Create | Villager (Male) |
| 4:41 | Create | Fishing Ship |
| 4:52 | Build | House |
| 4:57 | Create | Villager (Male) |
| 5:13 | Create | Villager (Male) |
| 5:36 | Create | Fishing Ship |
| 5:40 | Create | Villager (Male) |
| 6:04 | Create | Villager (Male) |
| 6:09 | Create | Villager (Male) |
| 6:13 | Build | House |
| 6:29 | Create | Villager (Male) |
| 6:35 | Create | Fishing Ship |
| 6:45 | Research | Loom |
| 7:19 | Build | Palisade Wall |
| 7:32 | Research | Feudal Age |
| 7:40 | Build | Mule Cart |
| 8:25 | Create | Villager (Male) |
| 8:27 | Build | Barracks |
| 9:04 | Build | House |
| 9:12 | Create | Fishing Ship |
| 9:33 | Create | Villager (Male) |
| 9:42 | Age | Feudal Age |
| 9:46 | Build | Stable |
| 10:01 | Build | Dock |
| 10:08 | Create | Villager (Male) |
| 10:16 | Create | Villager (Male) |
| 10:28 | Create | Scout Cavalry |
| 10:31 | Create | Villager (Male) |
| 10:37 | Create | Villager (Male) |
| 10:42 | Build | Palisade Wall |
| 10:44 | Create | Scout Cavalry |
| 10:53 | Create | Scout Cavalry |
| 10:58 | Build | House |
| 10:59 | Build | Palisade Wall |
| 11:04 | Create | Scout Cavalry |
| 11:33 | Create | Villager (Male) |
| 11:37 | Build | Archery Range |
| 11:43 | Build | House |
| 11:46 | Create | Fishing Ship |
| 11:47 | Create | Fishing Ship |
| 11:47 | Create | Fishing Ship |
| 11:50 | Create | Fishing Ship |
| 11:58 | Build | House |
| 12:09 | Create | Villager (Male) |
| 12:28 | Create | Villager (Male) |
| 12:31 | Create | Archer |
| 12:43 | Build | Mule Cart |
| 13:05 | Build | House |
| 13:08 | Create | Archer |
| 13:12 | Build | Dock |
| 13:22 | Create | Villager (Male) |
| 13:28 | Create | Villager (Male) |
| 13:38 | Create | Archer |
| 13:50 | Build | Mule Cart |
| 13:52 | Research | Double-Bit Axe |
| 13:53 | Create | Villager (Male) |
| 13:58 | Build | Watch Tower |
| 14:07 | Create | Villager (Male) |
| 14:13 | Build | Blacksmith |
| 14:22 | Create | Archer |
| 14:29 | Create | Villager (Male) |
| 14:52 | Create | Archer |
| 15:52 | Create | Archer |
| 15:53 | Research | Fletching |
| 15:54 | Create | Villager (Male) |
| 15:54 | Create | Archer |
| 15:55 | Create | Villager (Male) |
| 16:05 | Create | Archer |
| 16:06 | Create | Villager (Male) |
| 16:25 | Build | Mill |
| 16:29 | Create | Villager (Male) |
| 16:29 | Create | Villager (Male) |
| 16:44 | Create | Archer |
| 17:02 | Create | Archer |
| 17:07 | Create | Villager (Male) |
| 17:21 | Build | House |
| 17:24 | Build | House |
| 17:32 | Build | House |
| 17:34 | Build | Palisade Wall |
| 17:42 | Build | Market |
| 17:53 | Create | Fishing Ship |
| 17:53 | Create | Fishing Ship |
| 18:11 | Build | Mule Cart |
| 18:25 | Research | Castle Age |
| 18:33 | Create | Villager (Male) |
| 18:43 | Create | Archer |
| 18:48 | Create | Archer |
| 18:51 | Create | Fishing Ship |
| 18:51 | Create | Fishing Ship |
| 19:00 | Build | House |
| 19:47 | Create | Fishing Ship |
| 19:49 | Create | Fishing Ship |
| 20:22 | Build | Dock |
| 20:47 | Create | Villager (Male) |
| 21:05 | Age | Castle Age |
| 21:07 | Research | Bodkin Arrow |
| 21:07 | Research | Crossbowman (upgrade) |
| 21:13 | Build | Monastery |
| 21:17 | Create | Villager (Male) |
| 21:22 | Create | Villager (Male) |
| 21:24 | Build | House |
| 21:26 | Build | House |
| 21:27 | Build | Palisade Wall |
| 22:02 | Create | Monk |
| 22:33 | Build | Farm |
| 22:51 | Create | Archer |
| 22:55 | Create | Monk |
| 22:58 | Create | Archer |
| 23:13 | Create | Villager (Male) |
| 23:15 | Create | Archer |
| 23:16 | Create | Villager (Male) |
| 23:27 | Build | House |
| 23:42 | Build | Castle |
| 23:43 | Build | Mule Cart |
| 23:47 | Create | Villager (Male) |
| 23:48 | Create | Villager (Male) |
| 23:58 | Create | Villager (Male) |
| 24:14 | Create | Villager (Male) |
| 24:15 | Build | Mule Cart |
| 24:16 | Create | Villager (Male) |
| 24:21 | Create | Villager (Male) |
| 24:37 | Create | Villager (Male) |
| 24:45 | Build | Mule Cart |
| 24:51 | Create | Villager (Male) |
| 25:00 | Build | Archery Range |
| 25:04 | Create | Monaspa |
| 25:04 | Create | Monaspa |
| 25:10 | Build | House |
| 25:23 | Create | Archer |
| 25:26 | Create | Villager (Male) |
| 25:43 | Create | Villager (Male) |
| 25:47 | Build | Farm |
| 25:51 | Create | Villager (Male) |
| 26:05 | Research | Bow Saw |
Build order — TecuTecu
First 150 of 364 actions detected
| 0:00 | Create | Villager (Male) |
| 0:02 | Build | House |
| 0:04 | Build | House |
| 0:16 | Create | Villager (Male) |
| 0:17 | Create | Villager (Male) |
| 0:17 | Create | Villager (Male) |
| 1:28 | Create | Villager (Male) |
| 1:55 | Build | Lumber Camp |
| 2:05 | Create | Villager (Male) |
| 2:28 | Create | Villager (Male) |
| 2:51 | Create | Villager (Male) |
| 3:11 | Create | Villager (Male) |
| 3:34 | Create | Villager (Male) |
| 3:39 | Build | House |
| 4:03 | Create | Villager (Male) |
| 4:15 | Build | Dock |
| 4:37 | Create | Villager (Male) |
| 4:37 | Create | Villager (Male) |
| 4:54 | Create | Fishing Ship |
| 4:54 | Create | Villager (Male) |
| 5:25 | Create | Villager (Male) |
| 5:33 | Build | House |
| 5:38 | Create | Fishing Ship |
| 5:49 | Create | Villager (Male) |
| 6:02 | Build | House |
| 6:10 | Create | Villager (Male) |
| 6:18 | Create | Fishing Ship |
| 6:50 | Create | Villager (Male) |
| 7:15 | Create | Villager (Male) |
| 7:18 | Build | Barracks |
| 7:42 | Create | Fishing Ship |
| 7:46 | Create | Villager (Male) |
| 8:17 | Build | Mining Camp |
| 8:22 | Research | Feudal Age |
| 8:26 | Create | Militia |
| 8:44 | Create | Militia |
| 8:59 | Build | House |
| 9:04 | Create | Militia |
| 9:08 | Create | Fishing Ship |
| 9:30 | Build | House |
| 9:55 | Create | Militia |
| 9:55 | Create | Militia |
| 10:18 | Build | Mining Camp |
| 10:32 | Age | Feudal Age |
| 10:36 | Research | Man-at-Arms (upgrade) |
| 10:37 | Create | Villager (Male) |
| 10:37 | Create | Villager (Male) |
| 10:42 | Build | Mill |
| 10:52 | Research | Arson |
| 11:13 | Build | Watch Tower |
| 11:21 | Create | Spearman |
| 11:21 | Create | Spearman |
| 11:22 | Create | Villager (Male) |
| 11:22 | Create | Villager (Male) |
| 11:35 | Research | Loom |
| 11:43 | Build | House |
| 11:44 | Build | Palisade Wall |
| 11:44 | Build | Palisade Wall |
| 11:45 | Build | Palisade Wall |
| 11:45 | Build | Palisade Wall |
| 11:45 | Build | Palisade Wall |
| 11:46 | Build | Palisade Wall |
| 11:46 | Build | Palisade Wall |
| 11:48 | Create | Villager (Male) |
| 11:52 | Build | Blacksmith |
| 11:58 | Create | Fishing Ship |
| 12:17 | Create | Spearman |
| 12:29 | Create | Villager (Male) |
| 12:32 | Create | Spearman |
| 12:45 | Build | Mill |
| 12:51 | Build | House |
| 13:00 | Create | Spearman |
| 13:03 | Research | Scale Mail Armor |
| 13:31 | Create | Spearman |
| 13:44 | Build | Watch Tower |
| 13:58 | Create | Villager (Male) |
| 14:12 | Create | Spearman |
| 14:13 | Create | Spearman |
| 14:13 | Create | Villager (Male) |
| 14:16 | Build | Farm |
| 14:16 | Build | Farm |
| 14:19 | Create | Fishing Ship |
| 14:49 | Build | Watch Tower |
| 15:00 | Create | Villager (Male) |
| 15:01 | Create | Villager (Male) |
| 15:03 | Build | Farm |
| 15:04 | Build | Farm |
| 15:16 | Build | Stone Wall |
| 15:16 | Build | Stone Wall |
| 15:16 | Build | Stone Wall |
| 15:17 | Build | Stone Wall |
| 15:17 | Build | Stone Wall |
| 15:17 | Build | Stone Wall |
| 15:17 | Build | Stone Wall |
| 15:18 | Build | Stone Wall |
| 15:18 | Build | Stone Wall |
| 15:28 | Research | Fletching |
| 15:28 | Create | Villager (Male) |
| 16:03 | Build | Farm |
| 16:04 | Build | Farm |
| 16:04 | Create | Villager (Male) |
| 16:11 | Research | Double-Bit Axe |
| 16:22 | Build | Watch Tower |
| 16:34 | Research | Forging |
| 16:37 | Create | Villager (Male) |
| 16:54 | Build | House |
| 17:07 | Create | Villager (Male) |
| 17:12 | Build | Market |
| 17:19 | Build | Palisade Wall |
| 17:24 | Build | Palisade Wall |
| 17:31 | Build | Palisade Wall |
| 17:42 | Research | Wheelbarrow |
| 17:45 | Build | Farm |
| 17:46 | Build | Farm |
| 18:31 | Research | Tech 906 |
| 18:45 | Build | Watch Tower |
| 18:54 | Build | Watch Tower |
| 19:00 | Research | Castle Age |
| 19:19 | Build | Palisade Wall |
| 19:21 | Build | House |
| 19:33 | Research | Stone Mining |
| 19:39 | Build | House |
| 19:40 | Build | Palisade Wall |
| 19:53 | Create | Spearman |
| 19:53 | Create | Spearman |
| 20:33 | Research | Horse Collar |
| 20:42 | Create | Spearman |
| 20:42 | Create | Spearman |
| 20:50 | Build | Watch Tower |
| 20:58 | Build | Lumber Camp |
| 21:15 | Create | Spearman |
| 21:40 | Age | Castle Age |
| 21:46 | Research | Bodkin Arrow |
| 21:51 | Research | Town Watch |
| 22:01 | Research | Bow Saw |
| 22:20 | Create | Villager (Male) |
| 22:20 | Create | Villager (Male) |
| 22:31 | Research | Pikeman (upgrade) |
| 22:37 | Create | Villager (Male) |
| 22:48 | Build | University |
| 22:58 | Research | Chain Mail Armor |
| 23:36 | Build | Siege Workshop |
| 23:45 | Create | Villager (Male) |
| 23:49 | Research | Ballistics |
| 24:11 | Create | Scorpion |
| 24:12 | Create | Villager (Male) |
| 24:30 | Research | Guard Tower (upgrade) |
| 24:33 | Create | Villager (Male) |
| 24:50 | Create | Scorpion |
| 24:55 | Build | Farm |
Match timeline
| 2:29 | NachoMontes · first_building Dock |
| 4:15 | TecuTecu · first_building Dock |
| 7:18 | TecuTecu · first_building Barracks |
| 7:19 | NachoMontes · wall_segment Palisade Wall x2 |
| 8:27 | NachoMontes · first_building Barracks |
| 9:42 | NachoMontes · age_up feudal |
| 9:46 | NachoMontes · first_building Stable |
| 10:32 | TecuTecu · age_up feudal |
| 10:42 | NachoMontes · wall_segment Palisade Wall x4 |
| 10:59 | NachoMontes · wall_segment Palisade Wall x2 |
| 11:37 | NachoMontes · first_building Archery Range |
| 11:44 | TecuTecu · wall_segment Palisade Wall x1 |
| 11:44 | TecuTecu · wall_segment Palisade Wall x1 |
| 11:45 | TecuTecu · wall_segment Palisade Wall x1 |
| 11:45 | TecuTecu · wall_segment Palisade Wall x1 |
| 11:45 | TecuTecu · wall_segment Palisade Wall x1 |
| 11:46 | TecuTecu · wall_segment Palisade Wall x1 |
| 11:46 | TecuTecu · wall_segment Palisade Wall x1 |
| 15:16 | TecuTecu · wall_segment Stone Wall x2 |
| 15:16 | TecuTecu · wall_segment Stone Wall x2 |
| 15:16 | TecuTecu · wall_segment Stone Wall x2 |
| 15:17 | TecuTecu · wall_segment Stone Wall x1 |
| 15:17 | TecuTecu · wall_segment Stone Wall x1 |
| 15:17 | TecuTecu · wall_segment Stone Wall x1 |
| 15:17 | TecuTecu · wall_segment Stone Wall x1 |
| 15:18 | TecuTecu · wall_segment Stone Wall x1 |
| 15:18 | TecuTecu · wall_segment Stone Wall x1 |
| 17:19 | TecuTecu · wall_segment Palisade Wall x1 |
| 17:24 | TecuTecu · wall_segment Palisade Wall x1 |
| 17:31 | TecuTecu · wall_segment Palisade Wall x1 |
| 17:34 | NachoMontes · wall_segment Palisade Wall x1 |
| 18:19 | TecuTecu · first_market_buy 100 food |
| 18:24 | TecuTecu · first_market_sell 100 wood |
| 19:19 | TecuTecu · wall_segment Palisade Wall x1 |
| 19:40 | TecuTecu · wall_segment Palisade Wall x1 |
| 21:05 | NachoMontes · age_up castle |
| 21:13 | NachoMontes · first_building Monastery |
| 21:27 | NachoMontes · wall_segment Palisade Wall x6 |
| 21:40 | TecuTecu · age_up castle |
| 23:36 | TecuTecu · first_building Siege Workshop |
| 23:42 | NachoMontes · first_building Castle |
| 26:03 | NachoMontes · first_market_buy 100 wood |
| 27:04 | TecuTecu · first_building Monastery |
| 27:42 | NachoMontes · first_building Siege Workshop |
| 28:11 | TecuTecu · first_building Castle |
| 28:40 | NachoMontes · first_market_sell 100 food |
| 32:38 | NachoMontes · age_up imperial |
| 35:37 | NachoMontes · wall_segment Palisade Wall x1 |
| 35:44 | NachoMontes · wall_segment Palisade Wall x1 |
| 48:14 | TecuTecu · age_up imperial |
| 48:17 | NachoMontes · resign |
[ AI ANALYSIS · 1 CREDIT ]
What really happened in this match?
Wolo.gg analyzes every decision: build order, eco, micro, common mistakes by bracket. Personalized analysis on WhatsApp or Discord in 30 seconds.
Civ guide
Georgians
Perfil
NachoMontes